 Dungeon Crawl Stone Soup version 0.27-a0-1200-g94dc6ad4cf (webtiles) character file.

Game seed: 16770000646787863389

1 bande the Skirmisher (level 1, -3/14 HPs)
             Began as a Gargoyle Fighter on May 31, 2021.
             Frozen to death by an endoplasm (5 damage)
             ... on level 1 of the Dungeon.
             The game lasted 00:00:09 (60 turns).

bande the Skirmisher (Gargoyle Fighter)               Turns: 60, Time: 00:00:09

Health: -3/14      AC:  9    Str: 19    XL:     1   Next: 20%
Magic:  1/1        EV:  7    Int:  8    God:
Gold:   0          SH:  9    Dex:  9    Spells: 0/0 levels left

rFire    . . .     SeeInvis .   a - +0 war axe
rCold    . . .     Faith    .   c - +0 kite shield
rNeg     + . .     Spirit   .   b - +0 scale mail
rPois    ∞         Reflect  .   (no helmet)
rElec    +         Harm     .   (no cloak)
rCorr    .         Rampage  .   (no gloves)
Will     .....                  (no boots)
Stlth    ..........             (no amulet)
HPRegen  0.04/turn              (no ring)
MPRegen  0.07/turn              (no ring)

@: no status effects
A: sickness immunity, AC +2, negative energy resistance 1, electricity
resistance, torment resistance 1, petrification resistance
a: no special abilities


You were on level 1 of the Dungeon.
You visited 1 branch of the dungeon, and saw 1 of its levels.

Inventory:

Hand Weapons
 a - a +0 war axe (weapon)
Armour
 b - a +0 scale mail (worn)
 c - a +0 kite shield (worn)
Potions
 d - a potion of might


   Skills:
 + Level 3.3 Fighting
 + Level 1.7 Axes
 + Level 3.3 Armour
 + Level 3.3 Shields


You couldn't memorise any spells.
You didn't know any spells.
Your spell library was empty.

Dungeon Overview and Level Annotations

Branches:
Dungeon (1/15)

Altars:


Innate Abilities, Weirdness & Mutations

You are immune to sickness and miasma.
Your stone body is resilient. (AC +2)
You are immune to poison.
You resist negative energy. (rN+)
You are resistant to electric shocks. (rElec)
You are resistant to unholy torment.
You are immune to petrification.


Message History

An endoplasm comes into view.
The jackal bites you but does no damage.
The endoplasm quivers.
You hit the jackal but do no damage.
The jackal is heavily wounded.
You closely miss the jackal. The jackal bites you. x2
The jackal bites you but does no damage.
You block the jackal's attack.
The jackal bites you but does no damage.
You miss the jackal.
The jackal is heavily wounded.
You closely miss the jackal. You block the jackal's attack.
The jackal bites you but does no damage.
The jackal bites you. You block the jackal's attack.
You slash the jackal!
You kill the jackal!
You closely miss the jackal. You block the jackal's attack. x2
Your shield and scale mail prevent you from hitting the jackal.
The jackal bites you. x2
* * * LOW HITPOINT WARNING * * *
You are too injured to fight recklessly!
You are too injured to fight recklessly!
You are too injured to fight recklessly!
You are too injured to fight recklessly!
You are too injured to fight recklessly!
You are too injured to fight recklessly!
You are too injured to fight recklessly!
You are too injured to fight recklessly!
Unknown command.
You miss the jackal.
Your scale mail prevents you from hitting the endoplasm.
The jackal barely misses you. The jackal closely misses you.
The endoplasm hits you.
* * * LOW HITPOINT WARNING * * *
The jackal bites you but does no damage.
You closely miss the jackal. You hit the endoplasm but do no damage.
The jackal closely misses you. The endoplasm freezes you.
You are frozen.
You die...

...# .... ...# ...
..# ###### ###..#
#....# #†h..#
#.##.#######@#..#
#.##.##......J..#
#.##.........####
#####................
............#########
#############


You could see an endoplasm and a jackal.

Vanquished Creatures
  A jackal (D:1)
1 creature vanquished.

Notes
Turn   | Place    | Note
-------+----------+-------------------------------------------
     0 | D:1      | bande the Gargoyle Fighter began the quest for the Orb.
     0 | D:1      | Reached XP level 1. HP: 14/14 MP: 1/1
    60 | D:1      | Frozen to death by an endoplasm

Illustrated notes

Levels and vault maps discovered:
D:1:      lightli_arrival_statue_moat, layout_basic,
          shapermc_ecumenical_altar_totnotflames, serial_shops,
          nicolae_shop_temple_entry_statues_fountains, minmay_misc_feat_plants

Action                   || total
-------------------------++-------
Melee: War axe           ||     7
Armor: Scale mail        ||     5
Dodge: Dodged            ||     3
Block: Kite shield       ||     5

Table legend: (Time is in decaauts)
 A = Elapsed time spent in this place.
 B = Non-inter-level travel time spent in this place.
 C = Inter-level travel time spent in this place.
 D = Time resting spent in this place.
 E = Time spent auto-exploring this place.
 F = Levels seen in this place.
 G = Mean time per level.
                   A        B        C        D        E       F      G
               +--------+--------+--------+--------+--------+-----+--------+
         Total |     63 |     63 |      0 |      0 |     52 |   1 |   63.0 |
       Dungeon |     63 |     63 |      0 |      0 |     52 |   1 |   63.0 |
               +--------+--------+--------+--------+--------+-----+--------+

Top non-repeatable levels by time:
     D:1: 63 daAuts
